 Dungeon Crawl Stone Soup version 0.19-a0-1438-g932844a (console) character file.

59 Promi the Firebug (level 4, 0/32 HPs)
             Began as a Human Fire Elementalist on Sept 5, 2016.
             Succumbed to an adder's poison
             ... on level 2 of the Dungeon.
             The game lasted 00:10:10 (1543 turns).

Promi the Firebug (Human Fire Elementalist)         Turns: 1543, Time: 00:10:11

Health: 0/32       AC:  3    Str:  8    XL:     4   Next: 22%
Magic:  2/7        EV: 13    Int: 16    God:
Gold:   46         SH:  0    Dex: 14    Spells: 3 memorised, 1 level left

rFire  . . .     SeeInvis .     d - +0 short sword
rCold  . . .     Gourm    .     a - +1 robe
rNeg   . . .     Faith    .     (no shield)
rPois  .         Spirit   .     (no helmet)
rElec  .         Dismiss  .     (no cloak)
rCorr  .         Reflect  .     (no gloves)
MR     .....     Harm     .     (no boots)
Stlth  ++........               (no amulet)
                                (no ring)
                                (no ring)

@: lethally poisoned (0 -> -2)
A: no striking features
a: no special abilities


You were on level 2 of the Dungeon.
You were hungry.

You visited 1 branch of the dungeon, and saw 2 of its levels.

You collected 46 gold pieces.

Inventory:

Hand Weapons
 d - a +0 short sword (weapon)
Armour
 a - a +1 robe (worn)
Jewellery
 k - an uncursed ring of resist corrosion {unknown}
Potions
 e - 2 potions of flight
Books
 b - a book of Flames

   Spells                             Type                      Level
   a - Flame Tongue                   Conjuration/Fire             1
   b - Throw Flame                    Conjuration/Fire             2
   c - Conjure Flame                  Conjuration/Fire             3
   d - Inner Flame                    Hexes/Fire                   3
   e - Sticky Flame                   Conjuration/Fire             4
   f - Fireball                       Conjuration/Fire             5
Comestibles
 c - 2 bread rations
 g - a royal jelly
 l - a slice of pizza
 m - 4 fruits


   Skills:
 + Level 1.0 Fighting
 + Level 1.0 Short Blades
 + Level 2.5 Dodging
 + Level 2.1 Stealth
 + Level 2.3 Spellcasting
 + Level 1.7 Conjurations
 + Level 3.3 Fire Magic


You had one spell level left.
You knew the following spells:

 Your Spells              Type           Power        Failure   Level  Hunger
a - Flame Tongue          Conj/Fire      #....        10%         1    #......
b - Throw Flame           Conj/Fire      #.....       12%         2    ###....
c - Conjure Flame         Conj/Fire      #.......     21%         3    ###....


Dungeon Overview and Level Annotations

Branches:
Dungeon (2/15)

Altars:

Annotations:
D:2 Sigmund


Message History

* * * LOW HITPOINT WARNING * * *
You feel sick.
You see here an adder corpse.
You butcher the adder corpse.
* * * LOW HITPOINT WARNING * * *
You feel sick.
You see here 2 chunks of flesh.
* * * LOW HITPOINT WARNING * * *
You feel sick.
* * * LOW HITPOINT WARNING * * *
You feel sick.
Okay, then.
Okay, then.
* * * LOW HITPOINT WARNING * * *
You feel sick.
* * * LOW HITPOINT WARNING * * *
You feel sick.
* * * LOW HITPOINT WARNING * * *
You feel sick.
You die...

#.. .. . ...##. .#
......#.#####.
..........#.. .
.........#.#
.##...#.....#
.....#>#....#
##...#..@#.#
##.......)#.#
##.........#.# #
##.......####.#.##
#.........###....###
+.........'...).....
#.........###..!.###
#.......## .....#
##.....## ...#.#
##...## ##@# # ##'##
.#


There were no monsters in sight!

Vanquished Creatures
  2 gnolls
  An adder (D:2)
  An ooze (D:1)
  A dart slug (D:1)
  A giant gecko (D:1)
  A bat (D:1)
  4 goblins
  5 hobgoblins (D:1)
  A giant newt (D:1)
  3 kobolds
  4 rats
24 creatures vanquished.

Notes
Turn   | Place    | Note
-------+----------+-------------------------------------------
     0 | D:1      | Promi the Human Fire Elementalist began the quest for the Orb.
     0 | D:1      | Reached XP level 1. HP: 13/13 MP: 3/3
    84 | D:1      | Reached XP level 2. HP: 20/20 MP: 0/5
   445 | D:1      | Learned a level 2 spell: Throw Flame
   611 | D:1      | Reached XP level 3. HP: 25/25 MP: 2/6
   651 | D:1      | Learned a level 3 spell: Conjure Flame
  1232 | D:1      | Reached skill level 1 in Fighting
  1232 | D:1      | Reached XP level 4. HP: 12/32 MP: 0/7
  1496 | D:2      | Noticed Sigmund
  1523 | D:2      | Reached skill level 1 in Short Blades
  1535 | D:2      | HP: 1/32 [poisoned by an adder]
  1543 | D:2      | Succumbed to an adder's poison

Vault maps used:
D:1:      matt_arrival_diagonals, moated_statue, minmay_misc_feat_encased,
          minivault_23
D:2:      first_bread, ecumenical_altar_2, st_stairs_14, minmay_pentomino_w2,
          uniq_sigmund

Skill      XL: |  1  2  3  4 |
---------------+-------------+-----
Fighting       | 1 |  1.0
Short Blades   | 1 |  1.0
Dodging        | |  2.5
Stealth        | |  2.1
Spellcasting   | |  2.3
Conjurations   | |  1.7
Fire Magic     | |  3.3

Action                   |  1- 3 |  4- 6 || total
-------------------------+-------+-------++-------
Melee: Short sword       |    24 |    11 ||    35
 Cast: Flame Tongue      |    40 |    10 ||    50
  Use: Potion            |     4 |       ||     4
       Scroll            |     2 |       ||     2
  Eat: Chunk             |     2 |     1 ||     3
Armor: Robe              |     3 |     1 ||     4
Dodge: Dodged            |    29 |    11 ||    40
